Map: Chain of Ascension

Players

FroGGe

  • Race: Zerg Zerg

larsgj

  • Race: Terran Terran

VOD

Have the link to the VOD?

Description

Time

  • Played on: May 10, 2020, 6:01 a.m.
  • Length: 14:13
Show
View Real Time Build Order
Export as new Build Order

FroGGe Zerg 

Build Orders:  

Get SALT Encoding   

    0:07  Lair  
    0:42  Overlord  
    0:50  Drone x12  
    1:07  Unknown  
  12  1:24  Drone x2  
  14  1:35  Overlord  
  14  2:03  Drone  
  14  2:04  Drone x2  
  17  2:22  Spawning Pool  
  16  2:36  Drone x2  
  18  3:00  Extractor  
  18  3:02  Zergling x4  
  19  3:16  Zergling x2  
  20  3:58  Drone  
  20  3:59  Drone  
  22  4:07  Overlord  
  22  4:33  Extractor  
  22  4:34  Queen  
  23  4:48  Zergling x2  
  23  4:49  Zergling x2  
  25  4:50  Zergling x2  
  25  4:51  Evolution Chamber  
  25  5:10  Metabolic Boost  
  22  6:22  Zergling x8  
  22  6:23  Zergling x4  
  21  7:22  Lair  
  21  8:15  Hatchery  
  20  9:15  Zergling x8  
  20  9:16  Zergling x4  
  26  9:34  Queen  
  28  9:43  Zerg Missile Weapons Level 1, Hydralisk Den  
  27  9:57  Drone x3  
  30  10:51  Zergling x4  
  30  10:52  Zergling x2  
  31  11:38  Zergling x4  
  31  11:39  Zergling x4  
  71  11:40  Zergling x2  
  35  11:44  Overlord x4  
  28  12:21  Hydralisk x4  
  28  12:22  Hydralisk x2  
  28  12:23  Heroic Fortitude  
  40  12:30  Queen  
  38  13:20  Queen  
  40  13:41  Zergling x2  
  40  13:42  Zergling x8  
  40  13:43  Zergling x8  
  40  13:44  Zergling x4  
Show
View Real Time Build Order
Export as new Build Order

larsgj Terran 

Build Orders:  

Get SALT Encoding   

    0:32  Orbital Command  
    0:50  SCV x12  
    1:07  Unknown  
  12  1:18  SCV  
  13  1:35  Supply Depot  
  13  2:06  Barracks  
  13  2:08  SCV  
  14  2:33  SCV  
  15  2:40  Marine  
  15  2:43  Supply Depot  
  16  2:50  Marine, SCV  
  18  3:00  Marine  
  18  3:07  SCV  
  20  3:10  Marine  
  20  3:11  Refinery  
  20  3:12  Refinery  
  21  3:20  Supply Depot  
  21  3:24  SCV  
  22  3:34  Marine  
  22  3:35  Supply Depot  
  23  4:04  Marine, SCV  
  23  4:05  Engineering Bay  
  25  4:14  Marine  
  26  4:21  SCV  
  27  4:38  SCV  
  28  4:46  Bunker  
  28  4:49  Marine  
  28  4:55  SCV  
  28  4:59  Marine  
  31  5:21  Bunker, Marine  
  31  5:28  Terran Infantry Weapons Level 1  
  32  5:32  Marine  
  33  5:51  Marine  
  34  6:09  Barracks Tech Lab  
  35  6:26  Marine  
  35  6:29  Orbital Command  
  35  6:36  Marine  
  32  7:35  Marine  
  33  7:45  Marine  
  34  7:56  Marine  
  35  8:11  Bunker  
  35  8:15  Factory  
  35  8:16  Terran Infantry Armor Level 1  
  35  8:54  Bunker  
  35  9:53  Starport  
  35  10:05  Armory  
  35  10:06  Neosteel Frame  
  35  10:07  SCV  
  36  10:17  Supply Depot x2  
  36  10:20  Supply Depot  
  36  10:24  SCV  
  36  10:27  Bunker  
  37  10:41  SCV  
  38  10:58  SCV, Starport Tech Lab  
  39  11:10  Fusion Core  
  39  11:15  SCV  
  39  11:19  Bunker  
  40  11:25  Bunker  
  40  11:32  Marine  
  39  11:42  Marine  
  39  11:52  Marine  
  39  11:53  Bunker  
  39  11:56  Structure Armor  
  39  11:59  Bunker  
  38  12:03  Marine  
  35  12:13  Marine  
  36  12:44  Command Center  
  36  13:25  Marine  
Tags
 
Add a new tag
Caveats
  • Supply blocks, unpowered buildings, or Contaminate may cause inaccurate times.
  • Supply counts are checked every 10 seconds.